 Dungeon Crawl Stone Soup version 0.29.0-4-gdea44cf6ec (webtiles) character file.

Game seed: 6138507791545215261

1234 qw the Cleaver (level 8, -4/53 HPs)
             Began as a Barachi Chaos Knight on Sept 4, 2022.
             Slain by an ogre
             ... wielding a +0 giant spiked club
              (34 damage)
             ... on level 6 of the Dungeon.
             The game lasted 00:02:02 (5305 turns).

qw the Cleaver (Barachi Chaos Knight)               Turns: 5305, Time: 00:02:03

Health: -4/53      AC:  8    Str: 19    XL:     8   Next: 48%
Magic:  8/8        EV:  8    Int: 13    God:
Gold:   253        SH:  0    Dex: 16    Spells: 7/7 levels left

rFire   + . .      SeeInvis +   v - +8 hand axe of Qusk {speed, rPois rC- Will+ Str+4}
rCold   . . .      Faith    .   (no shield)
rNeg    . . .      Spirit   .   r - +0 chain mail
rPois   +          Reflect  .   (no helmet)
rElec   .          Harm     .   (no cloak)
rCorr   +          Rampage  .   m - +1 pair of gloves
Will    ++...                   u - +0 pair of boots
Stlth   ..........              d - amulet of the Rabble {rF+ Will+ Regen+ Dex-2 Slay+5}
HPRegen 0.97/turn               b - ring "Istiwierph" {rCorr Dex+6 SInv}
MPRegen 0.11/turn               s - ring of protection from cold

@: about to teleport, weakened, slow
A: amphibious, slowness 1, strong legs 1, +LOS, hooves 1, deformed body, frail 2
a: Hop


You were on level 6 of the Dungeon.
You visited 1 branch of the dungeon, and saw 6 of its levels.

You collected 253 gold pieces.


Innate Abilities, Weirdness & Mutations

You are amphibious.
You cover ground slowly.
You can hop short distances.
You have an extended range of vision and can be seen from far away.
You have large cloven feet.
Armour fits poorly on your strangely shaped body.
You are very frail. (-20% HP)


   Skills:
 - Level 7.5 Fighting
 + Level 8.8 Axes
 - Level 1.0 Throwing
 - Level 3.2 Armour
 - Level 3.0 Dodging


You had 7 spell levels left.
You didn't know any spells.
Your spell library was empty.

Inventory:

Hand Weapons
 q - a +0 flail
 v - the +8 hand axe of Qusk (weapon) {speed, rPois rC- Will+ Str+4}
   (You found it on level 4 of the Dungeon)

   Attacks with this weapon are significantly faster.
   Str:       It affects your strength (+4).
   rC:        It makes you vulnerable to cold.
   rPois:     It protects you from poison.
   Will:      It increases your willpower.
Missiles
 t - 3 boomerangs (quivered)
Armour
 m - a +1 pair of gloves (worn)
 r - a +0 chain mail (worn)
 u - a +0 pair of boots (worn)
Jewellery
 b - the ring "Istiwierph" (left hand) {rCorr Dex+6 SInv}
   (You acquired it on level 4 of the Dungeon)

   [ring of dexterity]

   Dex:       It affects your dexterity (+6).
   SInv:      It lets you see invisible.
   rCorr:     It protects you from acid and corrosion.
 d - the amulet of the Rabble (around neck) {rF+ Will+ Regen+ Dex-2 Slay+5}
   (You acquired it on level 5 of the Dungeon)

   [amulet of regeneration]

   Dex:       It affects your dexterity (-2).
   Slay:      It affects your accuracy & damage with ranged weapons and melee
   (+5).
   rF:        It protects you from fire.
   Regen:     It increases your rate of health regeneration.
   Will:      It increases your willpower.
 f - a ring of see invisible
 s - a ring of protection from cold (right hand)
Scrolls
 l - 2 scrolls of teleportation
 p - a scroll of identify
Potions
 g - 4 potions of curing
 h - a potion of ambrosia {unknown}
 j - a potion of heal wounds
 n - a potion of attraction {unknown}
 o - a potion of haste {unknown}
Miscellaneous
 c - a piece from Xom's chessboard (15/15)

Dungeon Overview and Level Annotations

Branches:
Dungeon (6/15)
 Temple: D:4-7

Altars:

Shops:
D:4 (

Annotations:
D:4 2 transporters, qw's ghost, novice FoCA


Message History

The gnoll hits you with a +0 club. The gnoll hits you but does no damage.
You slash the gnoll!
You kill the gnoll!
The gnoll hits you from afar with a +0 halberd!
The gnoll hits you with a +0 halberd! The gnoll closely misses you.
Items here: % ))).
You barely miss the gnoll bouda. You slash the gnoll!
You closely miss the gnoll. You slash the gnoll!
You kill the gnoll!
You hit the gnoll bouda. You completely miss the gnoll.
The gnoll bouda hits you with a +0 club.
The gnoll barely misses you.
You slash the gnoll bouda!
The gnoll bouda is severely wounded.
You hit the gnoll. You slash the ogre! The ogre barely misses you.
The gnoll bouda gazes fiercely through you!
You feel as though you will be weak longer.
The gnoll bouda hits you with a +0 club!
5302 ||| READING 3 scrolls of teleportation.
As you read the scroll of teleportation, it crumbles to dust.
You feel strangely unstable. The gnoll hits you but does no damage.
The gnoll bouda calls upon its god to heal the gnoll.
The gnoll's wounds heal themselves!
5303 ||| DRINKING 2 potions of heal wounds.
You feel much better. The gnoll closely misses you. The ogre barely misses you.
The gnoll bouda hits you with a +0 club.
You slash the gnoll bouda!
You kill the gnoll bouda!
You slash the ogre! You slash the gnoll! The gnoll hits you with a +0 spear.
You slash the ogre!
The ogre is almost dead.
You hit the gnoll.
The ogre hits you with a +0 giant spiked club!!
Ouch! That really hurt!
You die...

##.........#
##..........#
#...........#
#.............
##.............
###
###............
###...
###...##.........
.......##..####
##......
.......O@###
##..[ .......)g#
## ........O#
.........#
........##
........ ........
........ .......#


You could see 2 ogres and a gnoll (swift).

Vanquished Creatures
  Pikel (D:5)
  An ice beast (D:4)
  A black bear (D:5)
  An ogre (D:4)
  A scorpion (D:4)
  3 hounds (D:5)
  A gnoll bouda (D:6)
  Natasha (thrice) (D:2)
  An iguana (D:5)
  10 gnolls
  5 adders
  A shadow imp (D:5)
  A white imp (D:5)
  3 worms
  2 dart slugs
  12 orcs
  3 bats
  6 endoplasms
  2 giant cockroaches
  6 goblins
  4 hobgoblins
  5 kobolds
  A quokka (D:1)
  6 ball pythons
  2 rats
82 creatures vanquished.

Notes
Turn   | Place    | Note
-------+----------+-------------------------------------------
     0 | D:1      | qw the Barachi Chaos Knight began the quest for the Orb.
     0 | D:1      | Reached XP level 1. HP: 18/18 MP: 1/1
     0 | D:1      | 0 ||| qw: Version: 0.1-a-102-g441f92d
     0 | D:1      | 0 ||| qw: Game counter: 5354
     0 | D:1      | 0 ||| qw: Always use a shield: true
     0 | D:1      | 0 ||| qw: God list: Okawaru
     0 | D:1      | 0 ||| qw: Allow faded altars: false
     0 | D:1      | 0 ||| qw: Do Orc after D:15 true
     0 | D:1      | 0 ||| qw: Do second Lair branch before Depths: true
     0 | D:1      | 0 ||| qw: Lair rune preference: random
     0 | D:1      | 0 ||| qw: Plans: Normal
     0 | D:1      | 0 ||| PLANNING D:1-11
     0 | D:1      | Fell from the grace of Xom
   186 | D:1      | Reached XP level 2. HP: 17/24 MP: 2/2
   188 | D:1      | Reached skill level 4 in Axes
   622 | D:1      | 622 ||| DROPPING +0 club.
   854 | D:1      | 854 ||| UPGRADING to +0 ring mail.
   864 | D:1      | 864 ||| DROPPING +2 leather armour.
   865 | D:1      | 865 ||| UPGRADING to amulet of guardian spirit.
   870 | D:1      | 870 ||| READING scroll labelled LOYHIM GER.
   871 | D:1      | 871 ||| READING scroll labelled MOITRUEKHO.
   872 | D:1      | 872 ||| READING 2 scrolls labelled BOV FEPTEGUXIFF.
  1016 | D:2      | Reached XP level 3. HP: 21/29 MP: 1/3
  1049 | D:2      | XOM: give mutations
  1049 | D:2      | Gained mutation: You are agile. (Dex +4, Str/Int -1) [Xom's
                  | mischief]
  1049 | D:2      | Gained mutation: You have large cloven feet. [Xom's
                  | mischief]
  1049 | D:2      | Lost mutation: You are agile. (Dex +4, Str/Int -1) [Xom's
                  | mischief]
  1049 | D:2      | Gained mutation: Armour fits poorly on your strangely
                  | shaped body. [Xom's mischief]
  1151 | D:2      | XOM: 3-stop teleportation journey
  1518 | D:2      | 1518 ||| Stepping ~*~*~tactically~*~*~ (stealth).
  1546 | D:2      | Identified the +0 robe of Asu Era {*Slow rPois Will- MP+9
                  | Str+4}
  1570 | D:2      | Noticed Natasha
  1576 | D:2      | Killed Natasha
  1577 | D:2      | Reached skill level 5 in Axes
  1577 | D:2      | Reached XP level 4. HP: 26/36 MP: 2/4
  1775 | D:2      | 1775 ||| DROPPING +0 robe of Asu Era {*Slow rPois Will-
                  | MP+9 Str+4}.
  1776 | D:2      | 1776 ||| READING scroll labelled XURCHO IDEB.
  1777 | D:2      | 1777 ||| READING 2 scrolls labelled LAVIEFAETA.
  1778 | D:2      | 1778 ||| DRINKING 2 brown potions.
  1779 | D:2      | 1779 ||| DRINKING 3 dark potions.
  1780 | D:2      | 1780 ||| DRINKING 2 fizzy green potions.
  1781 | D:2      | 1781 ||| DRINKING 2 emerald potions.
  1782 | D:2      | 1782 ||| DROPPING potion of flight.
  1783 | D:2      | 1783 ||| DROPPING scroll of poison.
  1784 | D:2      | 1784 ||| DROPPING potion of brilliance.
  1785 | D:2      | 1785 ||| READING 2 scrolls of teleportation.
  1787 | D:2      | Noticed Natasha
  1788 | D:2      | 1788 ||| Stepping ~*~*~tactically~*~*~ (hiding).
  1796 | D:2      | Killed Natasha
  1814 | D:2      | Noticed Natasha
  1815 | D:2      | 1815 ||| Stepping ~*~*~tactically~*~*~ (stealth).
  1818 | D:2      | Killed Natasha
  1819 | D:2      | Reached skill level 6 in Axes
  1959 | D:3      | 1959 ||| SWAPPING to +0 war axe.
  1960 | D:3      | 1960 ||| DROPPING +1 hand axe of chaos.
  2021 | D:3      | Reached XP level 5. HP: 39/42 MP: 5/5
  2116 | D:3      | XOM: 3-stop teleportation journey
  2401 | D:3      | XOM: give mutation
  2401 | D:3      | Gained mutation: You are weak. (Str -2) [Xom's mischief]
  2540 | D:3      | 2540 ||| DROPPING +0 mace.
  2659 | D:3      | XOM: give mutation
  2659 | D:3      | Lost mutation: You are weak. (Str -2) [Xom's mischief]
  2893 | D:3      | 2893 ||| READING scroll of enchant weapon.
  2893 | D:3      | 2893 ||| ENCHANTING +0 war axe.
  2996 | D:3      | 2996 ||| UPGRADING to ring of protection from cold.
  2997 | D:3      | 2997 ||| READING scroll labelled CAMPING SEEJ.
  2998 | D:3      | 2998 ||| READING scroll labelled CEENUCAWKIS.
  2999 | D:3      | 2999 ||| READING scroll labelled DOECWELEVE.
  3031 | D:4      | 3031 ||| Stepping ~*~*~tactically~*~*~ (stealth).
  3037 | D:4      | 3037 ||| Stepping ~*~*~tactically~*~*~ (stealth).
  3038 | D:4      | 3038 ||| Stepping ~*~*~tactically~*~*~ (stealth).
  3119 | D:4      | 3119 ||| Stepping ~*~*~tactically~*~*~ (stealth).
  3183 | D:4      | 3183 ||| Stepping ~*~*~tactically~*~*~ (stealth).
  3212 | D:4      | 3212 ||| Stepping ~*~*~tactically~*~*~ (stealth).
  3213 | D:4      | 3213 ||| Stepping ~*~*~tactically~*~*~ (stealth).
  3226 | D:4      | 3226 ||| Stepping ~*~*~tactically~*~*~ (stealth).
  3228 | D:4      | 3228 ||| Stepping ~*~*~tactically~*~*~ (stealth).
  3230 | D:4      | 3230 ||| Stepping ~*~*~tactically~*~*~ (stealth).
  3241 | D:4      | 3241 ||| Stepping ~*~*~tactically~*~*~ (stealth).
  3244 | D:4      | 3244 ||| Stepping ~*~*~tactically~*~*~ (stealth).
  3478 | D:4      | 3478 ||| Stepping ~*~*~tactically~*~*~ (stealth).
  3479 | D:4      | 3479 ||| Stepping ~*~*~tactically~*~*~ (stealth).
  3480 | D:4      | 3480 ||| Stepping ~*~*~tactically~*~*~ (stealth).
  3510 | D:4      | 3510 ||| Stepping ~*~*~tactically~*~*~ (stealth).
  3512 | D:4      | 3512 ||| Stepping ~*~*~tactically~*~*~ (stealth).
  3516 | D:4      | Found a transporter.
  3516 | D:4      | Noticed qw's ghost (novice FoCA)
  3517 | D:4      | Found a transporter.
  3533 | D:4      | Reached XP level 6. HP: 45/48 MP: 6/6
  3585 | D:4      | Found Yhaihied's Antique Weapon Emporium.
  3588 | D:4      | 3588 ||| SHOPLISTING glowing morningstar (210 gold, have
                  | 149).
  3627 | D:4      | Reached skill level 7 in Axes
  3657 | D:4      | Noticed an ice beast
  3669 | D:4      | Killed an ice beast
  3670 | D:4      | Reached skill level 3 in Dodging
  3763 | D:4      | 3763 ||| Stepping ~*~*~tactically~*~*~ (stealth).
  3765 | D:4      | 3765 ||| Stepping ~*~*~tactically~*~*~ (stealth).
  3810 | D:4      | 3810 ||| Stepping ~*~*~tactically~*~*~ (stealth).
  4110 | D:4      | XOM: noise
  4221 | D:4      | Identified the +8 hand axe of Qusk {speed, rPois rC- Will+
                  | Str+4}
  4223 | D:4      | 4223 ||| SWAPPING to +8 hand axe of Qusk {speed, rPois rC-
                  | Will+ Str+4}.
  4224 | D:4      | 4224 ||| DROPPING +1 war axe.
  4337 | D:4      | 4337 ||| Stepping ~*~*~tactically~*~*~ (stealth).
  4348 | D:4      | 4348 ||| UPGRADING to +0 pair of gloves.
  4353 | D:4      | 4353 ||| UPGRADING to +0 chain mail.
  4363 | D:4      | 4363 ||| DROPPING +0 ring mail.
  4364 | D:4      | 4364 ||| UPGRADING to +0 pair of boots.
  4369 | D:4      | 4369 ||| UPGRADING to ring of see invisible.
  4370 | D:4      | 4370 ||| READING scroll labelled FERGHUU OMMUR.
  4371 | D:4      | 4371 ||| READING scroll labelled ISCHAZ ZACK.
  4371 | D:4      | Identified a scroll of acquirement
  4371 | D:4      | 4371 ||| ACQUIRING ring "Istiwierph" {rCorr Dex+6 SInv}
  4371 | D:4      | Acquired the ring "Istiwierph" {rCorr Dex+6 SInv}
  4373 | D:4      | 4373 ||| UPGRADING to ring "Istiwierph" {rCorr Dex+6 SInv}.
  4375 | D:4      | 4375 ||| REMOVING ring of see invisible.
  4376 | D:4      | 4376 ||| UPGRADING to ring of protection from cold.
  4377 | D:4      | 4377 ||| READING 2 scrolls labelled MECEAFYASU.
  4378 | D:4      | 4378 ||| DROPPING scroll of blinking.
  4383 | D:5      | Entered Level 5 of the Dungeon
  4391 | D:5      | Reached XP level 7. HP: 54/54 MP: 7/7
  4479 | D:5      | Reached skill level 3 in Armour
  4486 | D:5      | Identified the +3 leather armour "Otaimn" {rElec}
  4577 | D:5      | 4577 ||| READING scroll of enchant armour.
  4577 | D:5      | 4577 ||| ENCHANTING +0 pair of gloves.
  4606 | D:5      | Reached skill level 8 in Axes
  4632 | D:5      | XOM: give mutations
  4632 | D:5      | Gained mutation: Your muscles are strong. (Str +4, Int/Dex
                  | -1) [Xom's mischief]
  4632 | D:5      | Lost mutation: Your muscles are strong. (Str +4, Int/Dex
                  | -1) [Xom's mischief]
  4632 | D:5      | Gained mutation: You are frail. (-10% HP) [Xom's mischief]
  4632 | D:5      | Gained mutation: You are very frail. (-20% HP) [Xom's
                  | mischief]
  4648 | D:5      | Noticed Pikel
  4649 | D:5      | 4649 ||| Stepping ~*~*~tactically~*~*~ (stealth).
  4655 | D:5      | 4655 ||| Stepping ~*~*~tactically~*~*~ (stealth).
  4656 | D:5      | 4656 ||| Stepping ~*~*~tactically~*~*~ (stealth).
  4659 | D:5      | Killed Pikel
  4660 | D:5      | Reached XP level 8. HP: 47/53 MP: 5/8
  4783 | D:5      | 4783 ||| READING scroll of acquirement.
  4783 | D:5      | 4783 ||| ACQUIRING amulet of the Rabble {rF+ Will+ Regen+
                  | Dex-2 Slay+5}
  4783 | D:5      | Acquired the amulet of the Rabble {rF+ Will+ Regen+ Dex-2
                  | Slay+5}
  4785 | D:5      | 4785 ||| UPGRADING to amulet of the Rabble {rF+ Will+
                  | Regen+ Dex-2 Slay+5}.
  4843 | D:5      | Reached skill level 1 in Throwing
  4867 | D:5      | 4867 ||| Stepping ~*~*~tactically~*~*~ (hiding).
  5039 | D:5      | 5039 ||| Stepping ~*~*~tactically~*~*~ (hiding).
  5044 | D:5      | 5044 ||| FLEEEEING.
  5045 | D:5      | 5045 ||| FLEEEEING.
  5047 | D:5      | 5047 ||| FLEEEEING.
  5224 | D:5      | 5224 ||| DROPPING amulet of guardian spirit.
  5225 | D:5      | 5225 ||| READING 2 scrolls of identify.
  5225 | D:5      | 5225 ||| IDENTIFYING smoky green potion
  5226 | D:5      | 5226 ||| DROPPING potion of berserk rage.
  5288 | D:6      | 5288 ||| Stepping ~*~*~tactically~*~*~ (hiding).
  5301 | D:6      | HP: 8/53 [gnoll bouda/+0 club (8)]
  5302 | D:6      | 5302 ||| READING 3 scrolls of teleportation.
  5303 | D:6      | 5303 ||| DRINKING 2 potions of heal wounds.
  5305 | D:6      | Slain by an ogre

Levels and vault maps discovered:
D:1:      moated_graveyard_arrival, layout_basic
D:2:      minmay_alternating_diamond, layout_loops_ring, serial_aquarium,
          aquarium_bridge_square [aquarium_subvault_wall,
          aquarium_subvault_window, aquarium_subvault_bridge,
          aquarium_subvault_bridge], aquarium_bridge_straight
          [aquarium_subvault_bridge, aquarium_subvault_wall,
          aquarium_subvault_bridge, aquarium_subvault_wall],
          aquarium_window_fake, aquarium_window_fake, aquarium_window_2,
          aquarium_window_1, aquarium_view_2c, aquarium_pool_1, uniq_natasha
D:3:      layout_loops_cross, minivault_5, kennysheep_minor_cross
D:4:      layout_gridville, serial_shops, kennysheep_mini_moat,
          gammafunk_ghost_arena
D:5:      layout_loops_cross, uniq_pikel
D:6:      minmay_chambers_of_threes, layout_cave_pods,
          minmay_temple_entry_proselytizer

Skill      XL: |  1  2  3  4  5  6  7  8 |
---------------+-------------------------+-----
Axes           | 4 5 6 7 8 |  8.8
Fighting       | 4 7 |  7.5
Dodging        | 3 |  3.0
Armour         | 3 |  3.2
Throwing       | 1 |  1.0

Action                   |  1- 3 |  4- 6 |  7- 9 || total
-------------------------+-------+-------+-------++-------
Melee: Hand axe          |    48 |    19 |    59 ||   126
       Kick              |     5 |    27 |       ||    32
       War axe           |       |    91 |       ||    91
       Punch             |       |     1 |       ||     1
Throw: Boomerang         |       |     9 |    12 ||    21
Invok: Renounce Religion |     1 |       |       ||     1
  Use: Scroll            |     3 |    10 |     4 ||    17
       Potion            |       |     4 |     1 ||     5
 Stab: Sleeping          |     1 |       |       ||     1
Armor: Leather armour    |    12 |       |       ||    12
       Ring mail         |     1 |    20 |       ||    21
       Chain mail        |       |     1 |    10 ||    11
Dodge: Dodged            |    27 |    32 |    18 ||    77

Table legend:
 A = Non-vault XP
 B = Vault XP
 C = Vault XP percentage of total XP
 D = Non-vault monster count
 E = Vault monster count
 F = Vault count percentage of total count
                 A         B        C        D         E       F
            +---------+---------+-------+---------+---------+-------
      Total |    1082 |     682 |  38.7 |      77 |       5 |   6.1
            +---------+---------+-------+---------+---------+-------
        D:1 |      25 |       0 |   0.0 |      14 |       0 |   0.0
        D:2 |      91 |      41 |  31.1 |       6 |       4 |  40.0
        D:3 |      42 |       0 |   0.0 |      12 |       0 |   0.0
        D:4 |     405 |       0 |   0.0 |      24 |       0 |   0.0
        D:5 |     422 |     641 |  60.3 |      16 |       1 |   5.9
        D:6 |      97 |       0 |   0.0 |       5 |       0 |   0.0
            +---------+---------+-------+---------+---------+-------
